 Seeded DCSS version 0.28.0-45-g0d030f2227 (webtiles) character file.

Game seed: 7525391049535536568 (custom seed)

1 zeratav the Sneak (level 1, 0/9 HPs)
             Began as a Vine Stalker Enchanter on Apr 19, 2022.
             Slain by a hobgoblin (3 damage)
             ... on level 1 of the Dungeon.
             The game lasted 00:00:09 (35 turns).

zeratav the Sneak (Vine Stalker Enchanter)            Turns: 35, Time: 00:00:10

Health: 0/9        AC:  2    Str: 10    XL:     1   Next: 20%
Magic:  0/4        EV: 12    Int: 15    God:
Gold:   27         SH:  0    Dex: 14    Spells: 4/4 levels left

rFire   . . .      SeeInvis .   a - +1 dagger {short}
rCold   . . .      Faith    .   (no shield)
rNeg    . . .      Spirit   +   b - +0 robe
rPois   .          Reflect  .   (no helmet)
rElec   .          Harm     .   (no cloak)
rCorr   .          Rampage  .   (no gloves)
Will    .....                   (no boots)
Stlth   ++........              (no amulet)
HPRegen 0.03/turn               (no ring)
MPRegen 0.09/turn               (no ring)

@: no status effects
A: fangs 2, magic shield, antimagic bite, no potion heal 2
a: no special abilities


You were on level 1 of the Dungeon.
You visited 1 branch of the dungeon, and saw 1 of its levels.

You collected 27 gold pieces.


Innate Abilities, Weirdness & Mutations

You have extremely sharp teeth.
When hurt, damage is shared between your health and your magic reserves.
Your bite disrupts and absorbs the magic of your enemies.
Potions cannot restore your health.


   Skills:
 * Level 1.0 Short Blades
 - Level 1.5 Dodging
 - Level 3.6 Stealth
 - Level 2.1 Spellcasting
 + Level 3.0 Hexes


You had 4 spell levels left.
You didn't know any spells.
Your spell library contained the following spells:

 Spells                   Type           Power      Damage    Failure   Level
 Ensorcelled Hibernation  Hex/Ice        12%        N/A       19%         2
 Confusing Touch          Hex            10%        N/A       19%         3
 Tukima's Dance           Hex            10%        N/A       19%         3
 Dazzling Flash           Conj/Hex       12%        N/A       34%         3

Inventory:

Hand Weapons
 a - a +1 dagger (weapon) {short}
Armour
 b - a +0 robe (worn)
Scrolls
 e - a scroll of vulnerability {unknown}
Potions
 c - a potion of invisibility
 d - a potion of magic {unknown}

Dungeon Overview and Level Annotations

Branches:
Dungeon (1/15)

Altars:

########## ####
#..........
...##.........#
..............
#.....[....# #
..........#..
####..####Kg....$....
....)....)@...>.....
......##...........
.....##......(....
..######......##.####....
........##.#.....# ...
#..........#..##
#####............###..
...#.....##...##.........
..........###.##..#####.#


You could see a hobgoblin and a kobold.


Message History

🤖 Initializing magus.rc ... ✅ Successfully initialized magus.rc [v1.9.6] Welcome, zeratav the Vine Stalker Enchanter.
Game seed: 7525391049535536568 (custom seed) Press ? for a list of commands and other information.
Found a staircase leading out of the dungeon.
d - a sedimented inky potion
e - a scroll labelled ZUZXUO PUAPYSO
Found a stone staircase leading down.
You now have 10 gold pieces.
You now have 27 gold pieces (gained 17).
A kobold comes into view. It is wielding a +0 club.
A hobgoblin and a kobold come into view.
The hobgoblin shouts!
The kobold shouts!
The kobold hits you with a +0 dagger.
HP[-2] MP[-1]
You take 2 damage, and now have 7/9 hp.
MASSIVE DAMAGE!! (PAUSE)
You lost 1 mp, and now have 3/4 mp.
The kobold shouts!
You hit the kobold. The kobold hits you but does no damage.
You miss the kobold. Your bite misses the kobold.
The hobgoblin hits you but does no damage.
You hit the kobold.
You kill the kobold!
Your Short Blades skill increases to level 1!
You miss the kobold. Your bite misses the kobold. The hobgoblin hits you.
* * * LOW HITPOINT WARNING * * *
The kobold hits you with a +0 club.
* * * LOW HITPOINT WARNING * * *
HP[-4] MP[-1]
You take 4 damage, and now have 3/9 hp.
MASSIVE DAMAGE!! (PAUSE)
You lost 1 mp, and now have 2/4 mp.
You hit the hobgoblin. You punch the hobgoblin. Your bite misses the hobgoblin.
The hobgoblin hits you.
You die...

Skill      XL: |  1 |
---------------+----+-----
Short Blades   | 1 |  1.0
Dodging        | |  1.5
Stealth        | |  3.6
Spellcasting   | |  2.1
Hexes          | |  3.0

Action                   || total
-------------------------++-------
Melee: Dagger            ||     5
       Punch             ||     1
Armor: Robe              ||     2

Levels and vault maps discovered:
D:1:      saegor_arrival_simple_a, layout_rooms,
          hellmonk_ecumenical_altar_inner_sanctum, serial_bayou_pond_b

Notes
Turn   | Place    | Note
-------+----------+-------------------------------------------
     0 | D:1      | zeratav the Vine Stalker Enchanter began the quest for the
                  | Orb.
     0 | D:1      | Reached XP level 1. HP: 9/9 MP: 4/4
     0 | D:1      | magus.rc [v1.9.6]
    34 | D:1      | Reached skill level 1 in Short Blades
    35 | D:1      | Slain by a hobgoblin

Vanquished Creatures
  A kobold (D:1)
1 creature vanquished.

Table legend:
 A = Non-vault XP
 B = Vault XP
 C = Vault XP percentage of total XP
 D = Non-vault monster count
 E = Vault monster count
 F = Vault count percentage of total count
                 A         B        C        D         E       F
            +---------+---------+-------+---------+---------+-------
      Total |       2 |       0 |   0.0 |       1 |       0 |   0.0
            +---------+---------+-------+---------+---------+-------
        D:1 |       2 |       0 |   0.0 |       1 |       0 |   0.0
            +---------+---------+-------+---------+---------+-------

Illustrated notes

Table legend:
 A = Kills in this place as a percentage of kills in entire the game.
 B = Kills by you in this place as a percentage of kills by you in the entire game.
 C = Kills by friends in this place as a percentage of kills by friends in the entire game.
 D = Other kills in this place as a percentage of other kills in the entire game.
 E = Experience gained in this place as a percentage of experience gained in the entire game.
 F = Experience gained in this place divided by the number of levels of this place that you have seen.
                   A       B       C       D       E      F
               +-------+-------+-------+-------+-------+----------------------
         Total | 100.0 | 100.0 |   N/A |   N/A | 100.0 |   2.0
       Dungeon | 100.0 | 100.0 |   N/A |   N/A | 100.0 |   2.0
               +-------+-------+-------+-------+-------+----------------------

Table legend: (Time is in decaauts)
 A = Elapsed time spent in this place.
 B = Non-inter-level travel time spent in this place.
 C = Inter-level travel time spent in this place.
 D = Time resting spent in this place.
 E = Time spent auto-exploring this place.
 F = Levels seen in this place.
 G = Mean time per level.
                   A        B        C        D        E       F      G
               +--------+--------+--------+--------+--------+-----+--------+
         Total |     34 |     34 |      0 |      0 |     23 |   1 |   34.0 |
       Dungeon |     34 |     34 |      0 |      0 |     23 |   1 |   34.0 |
               +--------+--------+--------+--------+--------+-----+--------+

Top non-repeatable levels by time:
     D:1: 34 daAuts
